 Dungeon Crawl Stone Soup version 0.30-a0-778-g2ef04afb54 (webtiles) character file.

Game seed: 10731464550948123883

387 M4edhros the Poker (level 6, -1/63 HPs)
             Began as an Octopode Fighter on Feb 15, 2023.
             Was a Follower of Zin.
             Slain by an orc
             ... wielding a +0 club
              (2 damage)
             ... on level 5 of the Dungeon.
             The game lasted 00:04:31 (3661 turns).

M4edhros the Poker (Octopode Fighter)               Turns: 3661, Time: 00:04:31

Health: -1/63      AC:  1    Str: 16    XL:     6   Next: 78%
Magic:  6/6        EV: 13    Int: 10    God:    Zin [*.....]
Gold:   230        SH:  0    Dex: 13    Spells: 5/5 levels left

rFire   . . .      SeeInvis .    a - +0 trident
rCold   . . .      Faith    .    b - +0 buckler
rNeg    . . .      Spirit   .    (helmet restricted)
rPois   .          Reflect  .    (no amulet)
rElec   .          Harm     .    (no ring)
rCorr   .          Rampage  .    (no ring)
Will    .....                    (no ring) Stlth
                                 (no ring)
HPRegen 0.30/turn                (no ring)
MPRegen 0.10/turn                (no ring)
                                 (no ring)
                                 (no ring)

@: confused, berserking, very quick
A: almost no armour, amphibious, 8 rings, camouflage 1, gelatinous body 1,
(nimble swimmer 1), tentacles, sense surroundings 1
a: Renounce Religion, Recite, Donate Gold


You were on level 5 of the Dungeon.
You worshipped Zin.
Zin was aware of your devotion.
You visited 2 branches of the dungeon, and saw 6 of its levels.

You collected 255 gold pieces.
You donated 25 gold pieces to Zin.

Inventory:

Hand Weapons
 a - a +0 trident (weapon)
Missiles
 q - a throwing net (quivered)
Armour
 b - a +0 buckler (worn)
Jewellery
 k - a +6 ring of intelligence
Wands
 n - a wand of digging (2)
Scrolls
 f - 2 scrolls of fog {unknown}
 g - 4 scrolls of teleportation {unknown}
 h - 4 scrolls of vulnerability {unknown}
 j - 7 scrolls of identify {unknown}
 m - 2 scrolls of enchant armour {unknown}
 p - a scroll of noise {unknown}
 r - a scroll of fear {unknown}
Potions
 c - 2 potions of might
 d - a potion of attraction
 e - a potion of haste {unknown}
 o - a potion of resistance {unknown}


   Skills:
 + Level 3.2 Fighting
 + Level 6.6 Polearms
 + Level 3.2 Dodging
 - Level 3.0 Shields
 * Level 0.5 Invocations


You had 5 spell levels left.
You didn't know any spells.
Your spell library contained the following spells:

 Spells                   Type           Power      Damage    Failure   Level
 Blink                    Tloc           0%         N/A       58%         2
 Tukima's Dance           Hex            0%         N/A       83%         3
 Manifold Assault         Tloc           0%         N/A       99%         4
 Passage of Golubria      Tloc           0%         N/A       99%         4
 Yara's Violent Unravell  Hex/Tmut       0%         3d3       100%        5
 Storm Form               Tmut/Air       0%         N/A       100%        7
 Borgnjor's Revivificati  Necr           0%         N/A       100%        8
 Necromutation            Tmut/Necr      0%         N/A       100%        8
 Death's Door             Necr           0%         N/A       100%        9


Dungeon Overview and Level Annotations

Branches:
Dungeon (5/15)             Temple (1/1) D:5

Altars:
Ashenzari
Cheibriados
Dithmenos
Elyvilon
Fedhas
Gozag
Hepliaklqana
Makhleb
Qazlal
Ru
Trog
Vehumet
Zin


Innate Abilities, Weirdness & Mutations

You cannot wear most types of armour.
You are amphibious.
You can wear up to eight rings at the same time.
Your skin changes colour to match your surroundings (Stealth+).
Your rubbery body absorbs attacks. (AC +1, EV +1)
((You are camouflaged when in or above water. (Stealth+)))
You have tentacles for arms and can constrict up to eight enemies at once.
You passively map a small area around you.


Message History

The orc wizard splashes around in the water.
Okay, then.
You miss the orc wizard. Your squeeze misses the orc wizard.
The orc wizard is heavily wounded.
The orc closely misses you. The orc misses you.
The orc hits you with a +0 short sword.
The orc wizard hits you with a +0 dagger.
It was a potion of mutation.
You feel extremely strange.
You feel weaker.
You feel a strange attunement to the structure of the dungeons.
You feel stronger. Zin protects your body from mutation!
Zin forgives your inadvertent chaotic act, just this once.
The orc hits you with a +0 club. x2; The orc barely misses you.
The orc wizard misses you.
A red film seems to cover your vision as you go berserk!
You feel yourself moving faster!
You feel mighty! The orc barely misses you. The orc closely misses you. x2
The orc wizard splashes around in the water.
You puncture the orc!
You kill the orc!
The orc misses you. The orc barely misses you.
You closely miss the orc.
The orc wizard splashes around in the water.
The orc hits you with a +0 club. The orc barely misses you.
You miss the orc wizard.
The orc wizard is heavily wounded.
The orc wizard gestures at you while chanting.
The puff of flame hits you!
* * * LOW HITPOINT WARNING * * *
You're too confused to move!
The orc hits you with a +0 club.
* * * LOW HITPOINT WARNING * * *
The orc hits you with a +0 club.
* * * LOW HITPOINT WARNING * * *
You're too confused to move!
You feel a strong urge to attack something.
The orc wizard hits you with a +0 dagger.
* * * LOW HITPOINT WARNING * * *
The orc hits you with a +0 club.
You die...

, , +........# ,
,####+##........#
#..............+,, , ,
+..............# .
#........§§~..#####+# .
#.......~§§§~.......##.
,
#......§§§~~~§.....)...
* *
##....o)§§~>§§~......)..
,
.......@o§§~~§~......)..
......o..~~§§~.......)..
, ,
..........~§~...........
,
........#...#...........
, ,
........#######'###..##.
*
,.....#####........####
# , ..... #........# ,
..... #........#
#........#


You could see an orc wizard and 2 orcs.

Vanquished Creatures
  An orc priest (D:5)
  2 hounds
  Jessica (D:3)
  Terence (D:2)
  An orc wizard (D:5)
  2 iguanas (D:4)
  7 adders
  2 worms
  4 dart slugs
  10 orcs
  4 ball pythons
  5 endoplasms
  8 giant cockroaches
  5 goblins
  7 hobgoblins
  2 jackals (D:2)
  7 quokkas
  7 bats
  A frilled lizard (D:1)
  6 kobolds
  3 rats
86 creatures vanquished.

Notes
Turn   | Place    | Note
-------+----------+-------------------------------------------
     0 | D:1      | M4edhros the Octopode Fighter began the quest for the Orb.
     0 | D:1      | Reached XP level 1. HP: 16/16 MP: 1/1
    86 | D:1      | Reached XP level 2. HP: 21/21 MP: 2/2
   247 | D:1      | Reached skill level 3 in Polearms
   719 | D:2      | Reached XP level 3. HP: 26/26 MP: 3/3
   764 | D:2      | Noticed Terence
   773 | D:2      | Killed Terence
   774 | D:2      | Reached skill level 4 in Polearms
   774 | D:2      | Reached XP level 4. HP: 26/31 MP: 4/4
  1633 | D:3      | Noticed Jessica
  1636 | D:3      | Killed Jessica
  1637 | D:3      | Reached skill level 5 in Polearms
  1637 | D:3      | Reached XP level 5. HP: 36/36 MP: 5/5
  1667 | D:3      | HP: 2/54 [poisoned by an adder]
  1849 | D:3      | Found a radiant altar of Vehumet.
  2482 | D:4      | Reached skill level 6 in Polearms
  2554 | D:4      | Reached XP level 6. HP: 39/42 MP: 6/6
  2983 | D:4      | Found an opulent altar of Gozag.
  2983 | D:4      | Found a shadowy altar of Dithmenos.
  3192 | D:4      | Found a hazy altar of Hepliaklqana.
  3316 | D:5      | Entered Level 5 of the Dungeon
  3395 | D:5      | Found a staircase to the Ecumenical Temple.
  3429 | Temple   | Entered the Ecumenical Temple
  3631 | Temple   | Became a worshipper of Zin the Law-Giver
  3631 | Temple   | Reached * piety under Zin
  3655 | D:5      | Gained mutation: You are weak. (Str -2) [potion of
                  | mutation]
  3655 | D:5      | Gained mutation: You passively map a small area around you.
                  | [potion of mutation]
  3655 | D:5      | Lost mutation: You are weak. (Str -2) [potion of mutation]
  3661 | D:5      | HP: 1/63 [orc wizard/+0 dagger (4)]
  3661 | D:5      | Slain by an orc

Illustrated notes

Levels and vault maps discovered:
D:1:      onia_arrival_pyramid, layout_loops_ring, minivault_25,
          minmay_tromino_i2
D:2:      layout_basic, dk_noncrumbling_3, uniq_terence
D:3:      wander_river, layout_loops_cross, nicolae_vehumet_altar_sigil,
          portal_sewer_entry_f, uniq_jessica
D:4:      layout_basic, worldfamousw_hep_ancestral_shrine, jmf_multi_god_temple,
          corexii_shack, hangedman_decor_opposing
D:5:      layout_gridville, nzn_wu_jian_council_hall, minmay_temple_entry_mist
Temple:   nicolae_temple_figure_zero

Skill      XL: |  1  2  3  4  5 |
---------------+----------------+-----
Polearms       | 3 4 5 6 |  6.6
Fighting       | |  3.2
Dodging        | |  3.2
Shields        | |  3.0
Invocations    | |  0.5

Action                     |  1- 3 |  4- 6 || total
---------------------------+-------+-------++-------
  Melee: Trident           |    51 |   155 ||   206
         Constrict         |    12 |    33 ||    45
         Tentacles         |     6 |    20 ||    26
         Punch             |       |     1 ||     1
    Use: Potion            |       |     8 ||     8
   Stab: Sleeping          |     9 |     9 ||    18
 Armour: Skin              |     3 |     8 ||    11
  Dodge: Dodged            |    16 |    84 ||   100
  Block: Buckler           |     2 |    21 ||    23

Table legend: (Time is in decaauts)
 A = Elapsed time spent in this place.
 B = Non-inter-level travel time spent in this place.
 C = Inter-level travel time spent in this place.
 D = Time resting spent in this place.
 E = Time spent auto-exploring this place.
 F = Levels seen in this place.
 G = Mean time per level.
                   A        B        C        D        E       F      G
               +--------+--------+--------+--------+--------+-----+--------+
         Total |   3692 |   3585 |    107 |     22 |   2867 |   6 |  615.3 |
       Dungeon |   3479 |   3377 |    102 |     22 |   2685 |   5 |  695.8 |
        Temple |    212 |    207 |      5 |      0 |    182 |   1 |  212.0 |
               +--------+--------+--------+--------+--------+-----+--------+

Top non-repeatable levels by time:
     D:4: 943 daAuts
     D:3: 913 daAuts
     D:2: 836 daAuts
     D:1: 654 daAuts
  Temple: 212 daAuts
     D:5: 131 daAuts
